 Dungeon Crawl Stone Soup version 0.31.0-32-g396128a36d (webtiles) character file.

Game seed: 10942336074861472553

21 unlimited1921 the Poker (level 2, 0/29 HPs)
             Began as a Gnoll Cinder Acolyte on Mar 27, 2024.
             Was a High Priest of Ignis.
             Slain by Terence
             ... wielding a +0 flail
              (7 damage)
             ... on level 2 of the Dungeon.
             The game lasted 00:03:54 (875 turns).

unlimited1921 the Poker (Gnoll Cinder Acolyte)       Turns: 875, Time: 00:03:55

Health: 0/29       AC:  3    Str: 13    XL:     2   Next: 87%
Magic:  5/5        EV: 11    Int: 13    God:    Ignis [*****.]
Gold:   62         SH:  0    Dex:  7    Spells: 6/6 levels left

rFire   + . .        a - -1 spear (flame)
rCold   . . .        (no shield)
rNeg    . . .        b - +0 robe
rPois   .            (no helmet)
rElec   .            i - +0 cloak
rCorr   .            (no gloves)
SInv    .            (no boots)
Will    .....        d - amulet of regeneration
Stlth   +            (no ring)
HPRegen 1.04/turn    (no ring)
MPRegen 0.09/turn

%: no passive effects
@: no status effects
A: fangs 1, strong nose, distributed training
a: Renounce Religion, Fiery Armour, Foxfire Swarm, Rising Flame


You were on level 2 of the Dungeon.
You worshipped Ignis.
Ignis was extremely pleased with you.
You visited 1 branch of the dungeon, and saw 2 of its levels.

You collected 62 gold pieces.

Inventory:

Hand Weapons
 a - a -1 spear of flaming (weapon)
Armour
 b - a +0 robe (worn)
 i - a +0 cloak (worn)
Jewellery
 d - an amulet of regeneration (around neck)
Scrolls
 g - a scroll of identify {unknown}
 j - a scroll of teleportation {unknown}
 k - 2 scrolls of amnesia {unknown}
Potions
 c - a potion of heal wounds {unknown}
 e - a potion of brilliance {unknown}
 f - a potion of ambrosia {unknown}
 l - a potion of attraction {unknown}


   Skills:
 + Level 6.5 Fighting
 + Level 0.5 Short Blades
 + Level 0.5 Long Blades
 + Level 0.5 Axes
 + Level 0.5 Maces & Flails
 + Level 6.5 Polearms
 + Level 0.5 Staves
 + Level 0.5 Ranged Weapons
 + Level 0.5 Throwing
 + Level 0.5 Armour
 + Level 0.5 Dodging
 + Level 0.5 Stealth
 + Level 0.5 Shields
 + Level 0.5 Unarmed Combat
 + Level 2.7 Spellcasting
 + Level 0.4 Conjurations
 + Level 0.4 Hexes
 + Level 0.4 Summonings
 + Level 0.4 Necromancy
 + Level 0.4 Translocations
 + Level 5.4 Fire Magic
 + Level 0.4 Ice Magic
 + Level 0.4 Air Magic
 + Level 0.4 Earth Magic
 + Level 0.4 Alchemy
 + Level 0.7 Invocations
 + Level 0.5 Evocations
 + Level 0.5 Shapeshifting


You had 6 spell levels left.
You didn't know any spells.
Your spell library contained the following spells:

 Spells                   Type           Power      Damage    Failure   Level
 Scorch                   Fire           30%        2d6       3%          2
 Gell's Gravitas          Tloc           2%         N/A       52%         3
 Teleport Other           Tloc           2%         N/A       52%         3
 Dispersal                Tloc           1%         N/A       100%        6


Dungeon Overview and Level Annotations

Branches:
Dungeon (2/15)

Altars:

Annotations:
D:2 Terence


Innate Abilities, Weirdness & Mutations

You have very sharp teeth.
Your uncanny sense of smell can sniff out nearby items.
Your experience applies equally to all skills.


Message History

You hit Terence but do no damage. Your bite misses Terence.
Terence is moderately wounded.
Terence says, "How do you enjoy it?" Terence hits you with a +0 flail.
You barely miss Terence.
Terence is moderately wounded.
Terence hits you with a +0 flail.
You hit Terence but do no damage.
Terence is moderately wounded.
Terence closely misses you.
You hit Terence but do no damage.
Terence is moderately wounded.
You barely miss Terence.
Terence is moderately wounded.
Terence hits you with a +0 flail!
You hit Terence but do no damage.
Terence is moderately wounded.
Terence hits you with a +0 flail!
You hit Terence but do no damage.
Terence is moderately wounded.
Terence barely misses you. Terence attacks as he pursues you!
Terence hits you with a +0 flail!
* * * LOW HITPOINT WARNING * * *
Level annotation: Terence Welcome back, unlimited1921 the Gnoll Cinder Acolyte.
The flames of Ignis gently warm you.
Press ? for a list of commands and other information.
It was a potion of curing.
You feel better. Terence hits you with a +0 flail!
* * * LOW HITPOINT WARNING * * *
Terence attacks as he pursues you! Terence hits you with a +0 flail.
* * * LOW HITPOINT WARNING * * *
You feel better. Terence completely misses you.
Terence attacks as he pursues you! Terence hits you with a +0 flail!
Terence attacks as he pursues you! Terence hits you with a +0 flail.
* * * LOW HITPOINT WARNING * * *
You see here a ball python corpse.
There is a stone staircase leading up here.
Terence hits you with a +0 flail!
You die...
Terence says, "Rest in peace."

##.. ...## #####.#
#... #.....###.#
##.######..#
#######..#....†.##
#..........######
#.†........#
#...@@.....#
#.<...P....#
#.##..♣....#
#.#..P♣....#
#.#..♣♣...##
#.......###
#####..## ##


You could see Terence.

Vanquished Creatures
  2 endoplasms (D:1)
  A goblin (D:1)
  3 hobgoblins
  2 kobolds (D:1)
  2 quokkas
  6 ball pythons
  2 bats (D:1)
  2 frilled lizards
  A rat (D:1)
21 creatures vanquished.

Notes
Turn   | Place    | Note
-------+----------+-------------------------------------------
     0 | D:1      | unlimited1921 the Gnoll Cinder Acolyte began the quest for
                  | the Orb.
     0 | D:1      | Reached XP level 1. HP: 23/23 MP: 4/4
   241 | D:1      | Reached XP level 2. HP: 22/29 MP: 5/5
   847 | D:2      | Noticed Terence
   864 | D:2      | HP: 1/29 [Terence/+0 flail (11)]
   875 | D:2      | Slain by Terence

Illustrated notes

Levels and vault maps discovered:
D:1:      mrwooster_arrival_statue, layout_basic, nicolae_titane
D:2:      layout_rooms, hellmonk_ecumenical_altar_arch_garden,
          serial_park_tiny_2, uniq_crazy_yiuf_cottage, uniq_terence

Action                     || total
---------------------------++-------
  Melee: Spear             ||    73
         Bite              ||     7
    Use: Potion            ||     2
 Armour: Robe              ||    26
  Dodge: Dodged            ||    29
